 Dungeon Crawl Stone Soup version 0.20.1-1-g8b1a95d (console) character file.

1053 hilaritas the Carver (level 8, -4/88 HPs)
             Began as a Barachi Fighter on Aug 14, 2017.
             Was an Initiate of Makhleb.
             Slain by Crazy Yiuf
             ... wielding a +4 quarterstaff of chaos
              (14 damage)
             ... on level 5 of the Dungeon.
             The game lasted 00:12:24 (5219 turns).

hilaritas the Carver (Barachi Fighter)              Turns: 5219, Time: 00:12:26

Health: -4/88      AC:  8    Str: 22    XL:     8   Next: 26%
Magic:  0/9        EV:  8    Int:  8    God:    Makhleb [......]
Gold:   282        SH:  6    Dex: 15    Spells: 7/7 levels left

rFire    . . .     SeeInvis .   a - +1 long sword
rCold    . . .     Gourm    .   p - +3 buckler "Semalet" {+Inv}
rNeg     . . .     Faith    .   b - +0 scale mail
rPois    .         Spirit   +   s - +0 helmet
rElec    .         Reflect  .   (no cloak)
rCorr    .         Harm     .   (no gloves)
MR       .....                  q - +0 pair of boots
Stlth    ..........             r - amulet of guardian spirit
Regen    0.3/turn               (no ring)
MPRegen  0.2/turn               (no ring)

@: berserking, lethally poisoned (-4 -> -10), about to teleport, extremely
drained, quick
A: +LOS, swims, slowness 1, strong legs 1
a: Hop, Renounce Religion, Evoke Invisibility


You were on level 5 of the Dungeon.
You worshipped Makhleb.
Makhleb was noncommittal.
You were very hungry.

You visited 2 branches of the dungeon, and saw 6 of its levels.

You collected 282 gold pieces.

Inventory:

Hand Weapons
 a - a +1 long sword (weapon)
 h - a +0 dagger
Armour
 b - a +0 scale mail (worn)
 c - a +1 shield
 p - the +3 buckler "Semalet" (worn) {+Inv}
   (You found it on level 5 of the Dungeon)

   It lets you turn invisible.
 q - a +0 pair of boots (worn)
 s - a +0 helmet (worn)
Jewellery
 r - an amulet of guardian spirit (around neck)
 v - an uncursed ring of ice
 x - an uncursed ring of ice
Scrolls
 d - a scroll of identify
 k - 3 scrolls of magic mapping
 n - a scroll of teleportation
 u - a scroll of enchant armour
Potions
 e - a potion of agility {unknown}
 i - a potion of lignification {unknown}
 m - a potion of flight {unknown}
 o - 3 potions of brilliance
 t - a potion of magic {unknown}
Comestibles
 f - 4 bread rations
 j - 7 royal jellies
 l - 3 meat rations
 z - 4 fruits


   Skills:
 * Level 3.6(0.0) Fighting
 - Level 10.2(3.8) Long Blades
 + Level 3.6(0.0) Armour
 + Level 5.3(0.0) Shields
 * Level 1.5(0.0) Invocations


You had 7 spell levels left.
You didn't know any spells.

Dungeon Overview and Level Annotations

Branches:
Dungeon (5/15)             Temple (1/1) D:5

Altars:
Ashenzari
Cheibriados
Dithmenos
Elyvilon
Fedhas
Hepliaklqana
Kikubaaqudgha
Makhleb
Nemelex Xobeh
Ru
Sif Muna
Trog
Uskayaw
Vehumet
Yredelemnul
The Shining One

Shops:
D:5 *

Annotations:
D:5 Crazy Yiuf


Innate Abilities, Weirdness & Mutations

Shadows flee at your approach. (+LOS)
You can swim through water.
You cover ground slowly.
You can hop short distances.


Message History

You feel sick.
Crazy Yiuf hits you with a quarterstaff of chaos!
* * * LOW HITPOINT WARNING * * *
You feel your power leaking away.
A red film seems to cover your vision as you go berserk!
You feel yourself moving faster!
You feel mighty!
You feel sick. You block Crazy Yiuf's attack.
You barely miss Crazy Yiuf.
Crazy Yiuf is moderately wounded.
Crazy Yiuf hits you with a quarterstaff of chaos.
* * * LOW HITPOINT WARNING * * *
You feel strangely unstable.
You barely miss Crazy Yiuf.
Crazy Yiuf is moderately wounded.
You feel sick.
Crazy Yiuf grits, "Race!"
Crazy Yiuf hits you with a quarterstaff of chaos.
* * * LOW HITPOINT WARNING * * *
You are electrocuted!
You die...

#.....##.#
##..##
#♣...♣##.#
#.PP.#
##'####.#
##PP.#
#....((#
##.##
########
##.# #.##
##.# #.##
#@# #.g.#
#...#
#)..#
#####


You could see Crazy Yiuf.

Vanquished Creatures
  Edmund (D:5)
  2 water moccasins (D:5)
  An ice beast (D:5)
  An ogre (D:4)
  A black bear (D:4)
  2 orc priests (D:4)
  2 bullfrog skeletons
  A centaur skeleton (D:5)
  An orc wizard (D:4)
  4 worker ants
  4 gnolls (D:3)
  An adder (D:2)
  A shadow imp (D:5)
  4 oozes
  2 adder skeletons
  A worm (D:3)
  2 dart slugs (D:1)
  4 leopard geckos
  11 orcs (D:4)
  10 bats
  2 giant cockroaches
  11 goblins
  7 hobgoblins
  5 jackals (D:4)
  10 kobolds
  3 quokkas (D:5)
  9 frilled lizards
  A leopard gecko skeleton (D:5)
  A quokka skeleton (D:4)
  8 rats
113 creatures vanquished.

Notes
Turn   | Place    | Note
-------+----------+-------------------------------------------
     0 | D:1      | hilaritas the Barachi Fighter began the quest for the Orb.
     0 | D:1      | Reached XP level 1. HP: 18/18 MP: 1/1
   271 | D:1      | Reached XP level 2. HP: 24/24 MP: 2/2
   290 | D:1      | Reached skill level 3 in Long Blades
   511 | D:1      | Reached XP level 3. HP: 24/29 MP: 3/3
   796 | D:1      | Reached skill level 4 in Long Blades
   964 | D:1      | Found a shattered altar of Ashenzari.
  1780 | D:2      | Reached XP level 4. HP: 34/36 MP: 4/4
  2327 | D:3      | Reached skill level 5 in Long Blades
  2343 | D:3      | Reached XP level 5. HP: 26/41 MP: 5/5
  2946 | D:4      | Reached skill level 6 in Long Blades
  2959 | D:4      | Noticed an ogre
  2981 | D:4      | Killed an ogre
  2981 | D:4      | Reached skill level 7 in Long Blades
  2981 | D:4      | Reached XP level 6. HP: 30/47 MP: 3/6
  3348 | D:4      | Found a sparkling altar of Nemelex Xobeh.
  3505 | D:4      | Reached skill level 8 in Long Blades
  3527 | D:4      | Reached XP level 7. HP: 52/52 MP: 7/7
  3938 | D:5      | Entered Level 5 of the Dungeon
  3979 | D:5      | Got a fine buckler
  3990 | D:5      | Identified the +3 buckler "Semalet" {+Inv} (You found it on level 5 of the Dungeon)
  4086 | D:5      | Reached skill level 9 in Long Blades
  4158 | D:5      | Found a staircase to the Ecumenical Temple.
  4164 | Temple   | Entered the Ecumenical Temple
  4236 | Temple   | Became a worshipper of Makhleb the Destroyer
  4420 | D:5      | Found Gesachel's Serpentskin Sales.
  4447 | D:5      | Reached skill level 5 in Shields
  4463 | D:5      | Reached skill level 1 in Invocations
  4463 | D:5      | Reached XP level 8. HP: 18/59 MP: 1/8
  4591 | D:5      | Found a white marble altar of Elyvilon.
  4666 | D:5      | Noticed Edmund
  4704 | D:5      | HP: 4/88 [Edmund/flail of draining (7)]
  4706 | D:5      | Killed Edmund
  4706 | D:5      | Reached skill level 10 in Long Blades
  5145 | D:5      | Found a runed door.
  5171 | D:5      | Found a glowing golden altar of the Shining One.
  5202 | D:5      | Noticed Crazy Yiuf
  5219 | D:5      | Slain by Crazy Yiuf

Skill      XL: |  1  2  3  4  5  6  7  8 |
---------------+-------------------------+-----
Long Blades    | 3 4 5 7 8 9 10 | 10.2
Shields        | 4 5 |  5.3
Invocations    | 1 |  1.5
Fighting       | |  3.6
Armour         | |  3.6

Action                   |  1- 3 |  4- 6 |  7- 9 || total
-------------------------+-------+-------+-------++-------
Melee: Long sword        |   121 |   201 |   144 ||   466
 Abil: Hop               |       |     1 |       ||     1
  Use: Potion            |       |     3 |     6 ||     9
       Scroll            |       |     8 |     1 ||     9
  Eat: Chunk             |     4 |     6 |     5 ||    15
Armor: Scale mail        |    46 |    95 |    53 ||   194
Dodge: Dodged            |    42 |    63 |    35 ||   140
Block: Shield            |    56 |   128 |    13 ||   197
       Buckler           |       |       |    49 ||    49
       Rpst.: Long sword |    13 |    22 |    10 ||    45
